 Dungeon Crawl Stone Soup version 0.29.1-4-g47bece8355 (webtiles) character file.

Game seed: 15549609786595586848

47495 boopmooplesden the Severer (level 14, -6/133 HPs)
             Began as a Minotaur Berserker on Dec 11, 2022.
             Was a High Priest of Trog.
             Mangled by a catoblepas (7 damage)
             ... while petrified by a catoblepas
             ... on level 3 of the Lair of Beasts.
             The game lasted 00:25:01 (19209 turns).

boopmooplesden the Severer (Minotaur Berserker)    Turns: 19209, Time: 00:25:02

Health: -6/133     AC: 26    Str: 32    XL:     14   Next: 8%
Magic:  13/13      EV:  2    Int:  4    God:    Trog [*****.]
Gold:   1150       SH:  0    Dex:  9    Spells: 13/13 levels left

rFire   . . .      SeeInvis +   m - +2 hand axe (flame)
rCold   + . .      Faith    .   (no shield)
rNeg    + + +      Spirit   .   y - +3 plate armour
rPois   ∞          Reflect  .   j - +1 hat
rElec   .          Harm     +   i - +1 cloak "Fimymu" {Harm rC+ rN+ Dex-2}
rCorr   .          Rampage  .   n - +0 pair of gloves
Will    +....                   (no boots)
Stlth   ..........              (no amulet)
HPRegen 0.32/turn               f - +6 ring of strength
MPRegen 0.13/turn               d - ring of see invisible

@: petrified
A: horns 2, retaliatory headbutt
a: Renounce Religion, Berserk, Trog's Hand, Brothers in Arms


You were on level 3 of the Lair of Beasts.
You worshipped Trog.
Trog was extremely pleased with you.
You visited 2 branches of the dungeon, and saw 16 of its levels.
You also visited: Sewer.

You collected 1150 gold pieces.

Inventory:

Hand Weapons
 a - a +0 hand axe
 m - a +2 hand axe of flaming (weapon)
 w - a +0 battleaxe of protection
 F - the +4 hand axe "Yshrai Memofu" {vamp, Fly}
   (You found it on level 11 of the Dungeon)

   It occasionally heals its wielder for a portion of the damage dealt when it
   wounds a living foe.
   Fly:       It grants you flight.
Missiles
 D - 2 throwing nets (quivered)
Armour
 i - the +1 cloak "Fimymu" (worn) {Harm rC+ rN+ Dex-2}
   (You acquired it on level 8 of the Dungeon)

   Dex:       It affects your dexterity (-2).
   rC:        It protects you from cold.
   rN:        It protects you from negative energy.
   Harm:      It increases damage dealt and taken.
 j - a +1 hat (worn)
 n - a +0 pair of gloves (worn)
 v - a +0 cloak of willpower
 y - a +3 plate armour (worn)
 M - an orb of mayhem
Jewellery
 d - a ring of see invisible (right hand)
 f - a +6 ring of strength (left hand)
 q - a ring of positive energy
 s - an amulet of guardian spirit
 K - a ring of ice
 Q - a ring of ice
Wands
 b - a wand of flame (12)
 p - a wand of light (9)
 z - a wand of iceblast (11)
 A - a wand of mindburst (21)
Scrolls
 l - a scroll of summoning
 r - 17 scrolls of identify
 t - 7 scrolls of magic mapping
 B - 3 scrolls of fog
 E - a scroll of blinking
 I - 2 scrolls of enchant weapon
 J - a scroll of enchant armour
 L - 2 scrolls of fear
 N - 2 scrolls of teleportation
 P - a scroll of brand weapon
Potions
 c - 6 potions of heal wounds {unknown}
 e - 4 potions of might
 g - a potion of attraction {unknown}
 h - 2 potions of mutation {unknown}
 k - 12 potions of curing {unknown}
 o - 2 potions of magic {unknown}
 u - 2 potions of haste {unknown}
 x - 3 potions of degeneration {unknown}
 C - 5 potions of lignification {unknown}
 H - 4 potions of brilliance
 O - a potion of resistance {unknown}
Miscellaneous
 G - a condenser vane


   Skills:
 + Level 14.6 Fighting
 + Level 17.9 Axes
 + Level 16.9 Armour
 + Level 6.0 Dodging
 + Level 3.7 Stealth
 + Level 1.7 Evocations


You had 13 spell levels left.
You didn't know any spells.
Your spell library was empty.

Dungeon Overview and Level Annotations

Branches:
Dungeon (14/15)            Temple (0/1) D:4            Lair (3/5) D:9
  Swamp (0/4) Lair:3        Snake (0/4) Lair:2          Orc (0/2) D:9
 Vaults (0/5) D:13          Sewer (visited)

Altars:
Kikubaaqudgha
Makhleb
Ru

Shops:
D:7 ?[   D:8 (   D:13 (

Annotations:
Lair:3 1 runed translucent door


Innate Abilities, Weirdness & Mutations

You have a pair of horns on your head.
You reflexively headbutt those who attack you in melee.


Message History

Your black mamba is engulfed in calcifying dust.
Your black mamba stops moving altogether!
Your black mamba is engulfed in calcifying dust.
The five-headed hydra bites you.
* * * LOW HITPOINT WARNING * * *
The five-headed hydra bites you but does no damage. x3
The five-headed hydra bites you.
* * * LOW HITPOINT WARNING * * *
The catoblepas gores you but does no damage.
The five-headed hydra bites you!
* * * LOW HITPOINT WARNING * * *
The five-headed hydra bites you!
* * * LOW HITPOINT WARNING * * *
The five-headed hydra bites you but does no damage. x2
The five-headed hydra bites you!
* * * LOW HITPOINT WARNING * * *
The catoblepas breathes a plume of calcifying dust at you.
The blast of calcifying dust hits you.
The blast of calcifying dust hits your black mamba but does no damage.
A five-headed hydra comes into view.
You are engulfed in calcifying dust.
Your black mamba is engulfed in calcifying dust.
The five-headed hydra bites you but does no damage.
The five-headed hydra bites you!
* * * LOW HITPOINT WARNING * * *
The five-headed hydra completely misses you.
The five-headed hydra bites you!
* * * LOW HITPOINT WARNING * * *
The five-headed hydra bites you but does no damage.
The catoblepas breathes a plume of calcifying dust at you.
The blast of calcifying dust hits you but does no damage.
The blast of calcifying dust hits your black mamba!
Your black mamba is engulfed in calcifying dust.
You are engulfed in calcifying dust.
Your black mamba is engulfed in calcifying dust.
The five-headed hydra bites you!
* * * LOW HITPOINT WARNING * * *
The five-headed hydra bites you but does no damage. x4
The catoblepas gores you!
You die...

##.# ♣...♣..♣♣♣♣♣
##.>.##...♣..†
#.#######♣.♣
############♣ #......#
♣.♣♣ ♣♣♣♣♣♣♣.♣ ♣♣
#......#♣.♣.♣ ♣PPP...♣
#♣.
#......#♣.♣.♣#♣P~...#
#.≈
##......#.♣♣♣.#♣..P..#
#.≈
........#.♣.♣.#♣D.D).#.#
#.≈
........#.♣.♣.#♣DYDF....
#.≈ ........#.♣.♣.#♣@#
#♣~ ........#..~..lS♣#
.≈ ........#.♣.♣.#♣.#
#♣~ #.......# ♣†♣.# ...
.≈ #.......# ♣.♣.# .....
.≈ #.......# ♣♣♣.#
P.P..# #.≈ #.......# .♣#
P~P..# P.......# .
PPP...♣ ........# ♣
♣♣♣♣♣♣.


You could see a catoblepas (ally target), 3 five-headed hydras, a four-headed
hydra, a cane toad (ally target), a friendly komodo dragon (summoned) and a
friendly black mamba (summoned, petrified).

Vanquished Creatures
  Gastronok (Lair:2)
  Frances (D:12)
  Harold (D:9)
  3 vault guards (D:13)
  3 boulder beetles (D:13)
  4 hydras
  2 centaur warriors (D:13)
  2 two-headed ogres
  A catoblepas (Lair:3)
  3 death yaks (Lair:2)
  Lodul (D:12)
  A skeletal warrior (D:13)
  2 bog bodies (Lair:3)
  3 cyclopes
  8 ugly things
  A manticore (D:13)
  4 elephants (Lair:3)
  2 black mambas
  7 cane toads
  2 unseen horrors
  4 gargoyles
  3 rime drakes
  An efreet (D:13)
  11 komodo dragons
  3 polar bears
  6 trolls
  4 slime creatures (D:12)
  Prince Ribbit (D:8)
  A shadow (D:9)
  2 wraiths (D:13)
  6 wyverns
  21 yaks
  2 basilisks
  11 vampire mosquitoes
  3 acid dragons
  10 water moccasins
  3 nagas (Lair:2)
  2 black bears
  An orc warrior (D:10)
  A sky beast (D:8)
  3 ice beasts (D:7)
  7 ogres
  7 wolves
  2 centaurs
  A phantom (D:4)
  2 kobold brigands (D:10)
  11 bullfrogs
  A gnoll sergeant (D:13)
  A necrophage (D:7)
  A scorpion (D:9)
  17 killer bees
  3 howler monkeys
  6 electric eels
  Crazy Yiuf (D:3)
  2 hounds (D:7)
  2 gnoll boudas
  7 orc priests
  An iguana (D:4)
  Natasha (thrice) (D:2)
  12 orc wizards
  Robin (D:4)
  17 gnolls
  11 adders
  6 river rats (Sewer)
  A shadow imp (D:7)
  5 worms
  2 dart slugs
  27 orcs
  5 endoplasms
  6 giant cockroaches
  16 goblins
  8 hobgoblins
  2 jackals (D:1)
  15 kobolds
  5 quokkas
  21 ball pythons
  3 bats
  3 frilled lizards
  29 rats
421 creatures vanquished.

Vanquished Creatures (collateral kills)
  An elephant (Lair:3)
  A black mamba (Lair:3)
  A wraith (D:9)
  2 yaks
  A water moccasin (D:9)
  2 orc warriors
  A wolf (Lair:2)
  A centaur (D:9)
  2 gnolls (D:9)
  An orc (D:10)
13 creatures vanquished.

Vanquished Creatures (others)
  An unseen horror (D:13)
  57 fungi
  71 plants
  5 withered plants (D:12)
134 creatures vanquished.

Grand Total: 568 creatures vanquished

Notes
Turn   | Place    | Note
-------+----------+-------------------------------------------
     0 | D:1      | boopmooplesden the Minotaur Berserker began the quest for
                  | the Orb.
     0 | D:1      | Reached XP level 1. HP: 19/19 MP: 0/0
   294 | D:1      | Reached skill level 4 in Axes
   294 | D:1      | Reached XP level 2. HP: 25/27 MP: 1/1
   294 | D:1      | Found a faded altar of an unknown god.
  1109 | D:2      | Reached XP level 3. HP: 27/33 MP: 2/2
  1270 | D:2      | Found a burning altar of Makhleb.
  1569 | D:2      | Noticed Natasha
  1579 | D:2      | Killed Natasha
  1580 | D:2      | Reached XP level 4. HP: 38/41 MP: 3/3
  1657 | D:2      | Noticed Natasha
  1667 | D:2      | Killed Natasha
  1668 | D:2      | Reached skill level 5 in Axes
  1861 | D:2      | Noticed Natasha
  1873 | D:2      | Killed Natasha
  2146 | D:2      | Noticed a scorpion
  2191 | D:3      | Reached XP level 5. HP: 47/47 MP: 4/4
  2198 | D:3      | Reached skill level 1 in Stealth
  2216 | D:3      | Reached ** piety under Trog
  2392 | D:3      | Reached skill level 5 in Fighting
  2621 | D:3      | Found a glowing drain.
  2636 | Sewer    | Entered a sewer
  2938 | Sewer    | Reached skill level 6 in Axes
  2939 | Sewer    | Reached XP level 6. HP: 46/56 MP: 5/5
  3756 | D:3      | Found a runed translucent door.
  3757 | D:3      | Noticed Crazy Yiuf
  3767 | D:3      | Killed Crazy Yiuf
  3768 | D:3      | Reached XP level 7. HP: 34/62 MP: 6/6
  4415 | D:4      | Reached *** piety under Trog
  4419 | D:4      | Reached skill level 7 in Axes
  4469 | D:4      | Found a staircase to the Ecumenical Temple.
  4669 | D:4      | Noticed Robin
  4679 | D:4      | Killed Robin
  4954 | D:5      | Entered Level 5 of the Dungeon
  4958 | D:5      | You fall into a shaft and drop 2 floors!
  5003 | D:7      | Reached skill level 8 in Axes
  5031 | D:7      | Found Coagok's Magic Scroll Shoppe.
  5106 | D:7      | Reached **** piety under Trog
  5107 | D:7      | Reached XP level 8. HP: 71/71 MP: 7/7
  5221 | D:7      | Found a sacrificial altar of Ru.
  5274 | D:7      | Reached skill level 9 in Axes
  5341 | D:7      | Found Jienadusm's Armour Boutique.
  5666 | D:7      | Reached skill level 10 in Axes
  5666 | D:7      | Reached skill level 5 in Armour
  5849 | D:8      | Noticed a gargoyle
  5856 | D:8      | Killed a gargoyle
  5857 | D:8      | Reached XP level 9. HP: 79/79 MP: 8/8
  5985 | D:8      | Noticed Prince Ribbit
  6001 | D:8      | Reached skill level 11 in Axes
  6001 | D:8      | Killed Prince Ribbit
  6180 | D:8      | Reached skill level 12 in Axes
  6345 | D:8      | Found Voromyol's Weapon Shop.
  6443 | D:8      | Identified a scroll of acquirement
  6443 | D:8      | Acquired the +1 cloak "Fimymu" {Harm rC+ rN+ Dex-2}
  6498 | D:9      | Reached skill level 5 in Dodging
  6830 | D:9      | Reached XP level 10. HP: 90/90 MP: 9/9
  6875 | D:9      | Noticed Harold
  6889 | D:9      | Killed Harold
  6901 | D:9      | Reached skill level 13 in Axes
  7062 | D:9      | Found a staircase to the Lair.
  7310 | D:9      | Found a staircase to the Orcish Mines.
  7474 | D:10     | Entered Level 10 of the Dungeon
  7494 | D:10     | Noticed a green ugly thing
  7503 | D:10     | Killed a green ugly thing
  8124 | D:10     | Reached skill level 10 in Armour
  8227 | D:10     | Reached ***** piety under Trog
  8228 | D:10     | Reached skill level 10 in Fighting
  8557 | D:10     | Reached XP level 11. HP: 31/99 MP: 10/10
  8988 | D:10     | Reached skill level 14 in Axes
  9456 | D:11     | Noticed a two-headed ogre
  9462 | D:11     | Killed a two-headed ogre
  9525 | D:11     | Identified the +4 hand axe "Yshrai Memofu" {vamp, Fly}
  9744 | D:11     | Reached skill level 1 in Evocations
 10443 | D:12     | Noticed Lodul
 10669 | D:12     | Noticed Frances
 10681 | D:12     | HP: 3/151 [Frances/shard of ice (26)]
 10687 | D:12     | Killed Frances
 11058 | D:12     | Found an ancient bone altar of Kikubaaqudgha.
 11161 | D:12     | Killed Lodul
 11341 | D:12     | Identified the +3 leather armour of Fedhas's Esteem
                  | {Rampage rElec Str-3 Stlth+}
 11445 | D:12     | Noticed a four-headed hydra
 11455 | D:12     | Killed a one-headed hydra
 11571 | D:12     | Reached XP level 12. HP: 100/110 MP: 11/11
 12024 | D:13     | Found a gate to the Vaults.
 12024 | D:13     | Noticed a vault guard
 12024 | D:13     | Noticed a vault guard
 12024 | D:13     | Noticed a vault guard
 12024 | D:13     | Noticed a vault guard
 12024 | D:13     | Noticed a centaur warrior
 12044 | D:13     | Killed a centaur warrior
 12044 | D:13     | Noticed a boulder beetle
 12059 | D:13     | Killed a boulder beetle
 12090 | D:13     | Reached skill level 15 in Axes
 12422 | D:13     | Noticed a two-headed ogre
 12428 | D:13     | Killed a two-headed ogre
 12595 | D:13     | Noticed a centaur warrior
 12602 | D:13     | Killed a centaur warrior
 12754 | D:13     | Killed a vault guard
 12820 | D:13     | Killed a vault guard
 12832 | D:13     | Killed a vault guard
 13087 | D:13     | Noticed a boulder beetle
 13089 | D:13     | Found Muciop's Firing Range.
 13103 | D:13     | Killed a boulder beetle
 13104 | D:13     | Reached skill level 16 in Axes
 13784 | D:13     | Noticed a boulder beetle
 13796 | D:13     | Reached skill level 15 in Armour
 13796 | D:13     | Killed a boulder beetle
 14247 | D:14     | Reached XP level 13. HP: 119/119 MP: 12/12
 15199 | Lair:1   | Entered Level 1 of the Lair of Beasts
 15518 | Lair:1   | Reached skill level 17 in Axes
 16755 | Lair:2   | Noticed Gastronok
 16774 | Lair:2   | Killed Gastronok
 17384 | Lair:2   | Found a staircase to the Snake Pit.
 18204 | Lair:3   | Found a runed translucent door.
 18549 | Lair:3   | Found a staircase to the Swamp.
 19041 | Lair:3   | Reached XP level 14. HP: 118/133 MP: 13/13
 19208 | Lair:3   | HP: 6/133 [five-headed hydra (5)]
 19209 | Lair:3   | HP: 1/133 [five-headed hydra (5)]
 19209 | Lair:3   | Mangled by a catoblepas

Illustrated notes

Levels and vault maps discovered:
D:1:      psy_arrival_conway, layout_basic, chequers_ecumenical_altar_island
D:2:      layout_rooms, basic_altar, lightli_corner_chamber, uniq_natasha
D:3:      layout_loops_ring, cheibrodos_sewer_entry_drain, kennysheep_potato,
          uniq_crazy_yiuf_cottage
D:4:      layout_rooms, minmay_temple_entry_slanted, uniq_robin
D:5:      layout_basic
D:7:      layout_rooms, hangedman_ru_absence, serial_shops,
          nicolae_shop_behind_doors, nicolae_stop_n_shop_2,
          kennysheep_generic_room_5
D:8:      layout_basic, serial_shops, nicolae_shop_competitors_out_of_business,
          minmay_small_thing, uniq_prince_ribbit1
D:9:      layout_basic, due_lair_maze_entry_diamond, uniq_harold
D:10:     layout_basic
D:11:     layout_basic
D:12:     layout_rooms, serial_corexii_hall, chequers_hall_statues_corner_a,
          chequers_hall_statues_y, corexii_hall_statues_i,
          kiku_gazebo_garden_becter, uniq_lodul, uniq_frances
D:13:     layout_stronghold, lightli_vaults_fourway_checkpoint,
          nicolae_shop_firing_range
D:14:     evilmike_halls_of_destruction, layout_small_grid, grunt_qazlal_clouds,
          minivault_7
Lair:1:   layout_cave_pods, chequers_serial_rivers_marsh
Lair:2:   layout_cave_pods, guppyfry_snake_entry_island, uniq_gastronok
Lair:3:   nzn_winding_woodlands_stair_trap [nzn_winding_woodlands_5x15_jagged,
          nzn_winding_woodlands_5x15_sidewinder, nzn_winding_woodlands_5x15_eye,
          nzn_winding_woodlands_15x15_five_gardens,
          nzn_winding_woodlands_5x15_river_crossing,
          nzn_winding_woodlands_5x15_sawtooth,
          nzn_winding_woodlands_5x15_garden], layout_chaotic_city,
          skrybe_swamp_entry_bodies, pf_torpor_hydra

Skill      XL: |  1  2  3  4  5  6  7  8  9 10 11 12 13 |
---------------+----------------------------------------+-----
Axes           | 4 5 6 8 10 12 13 14 16 17 | 17.9
Fighting       | 4 5 6 7 8 10 11 12 14 | 14.6
Stealth        | 1 2 3 |  3.7
Dodging        | 3 4 5 6 |  6.0
Armour         | 3 5 7 10 13 15 16 | 16.9
Evocations     | 1 |  1.7

Action                   |  1- 3 |  4- 6 |  7- 9 | 10-12 | 13-15 || total
-------------------------+-------+-------+-------+-------+-------++-------
Melee: Hand axe          |    72 |   115 |   238 |   312 |   274 ||  1011
       Headbutt          |    10 |    16 |    28 |    94 |    64 ||   212
       Punch             |       |     2 |     4 |     1 |     3 ||    10
       Battleaxe         |       |       |       |   100 |    15 ||   115
Invok: Berserk           |     1 |     8 |     6 |    13 |     5 ||    33
       Brothers in Arms  |       |       |       |     2 |       ||     2
       Trog's Hand       |       |       |       |     1 |     1 ||     2
Evoke: Wand              |       |       |       |     7 |       ||     7
  Use: Scroll            |     5 |       |    11 |     4 |     1 ||    21
 Stab: Sleeping          |       |     1 |     1 |       |       ||     2
       Distracted        |       |       |       |       |     2 ||     2
       Petrifying        |       |       |       |       |     1 ||     1
       Petrified         |       |       |       |       |     1 ||     1
Armor: Animal skin       |    13 |    25 |     2 |       |       ||    40
       Plate armour      |       |       |   108 |   223 |   211 ||   542
Dodge: Dodged            |    39 |    72 |   120 |   185 |   113 ||   529
